 Dungeon Crawl Stone Soup version 0.28-a0-381-g937acc2988 (webtiles) character file.

Game seed: 6616428627163990344

142 Demosthentine the Poker (level 5, 0/41 HPs)
             Began as a Merfolk Gladiator on Sept 2, 2021.
             Slain by an orc priest (1 damage)
             ... on level 4 of the Dungeon.
             The game lasted 00:02:13 (2827 turns).

Demosthentine the Poker (Merfolk Gladiator)         Turns: 2827, Time: 00:02:14

Health: 0/41       AC:  6    Str: 15    XL:     5   Next: 25%
Magic:  5/5        EV: 14    Int:  8    God:
Gold:   121        SH:  0    Dex: 15    Spells: 4/4 levels left

rFire   . . .      SeeInvis .   a - +1 trident
rCold   . . .      Faith    .   (no shield)
rNeg    . . .      Spirit   .   b - +0 leather armour
rPois   .          Reflect  .   c - +0 helmet
rElec   .          Harm     .   (no cloak)
rCorr   .          Rampage  .   k - +1 pair of gloves
Will    .....                   (no boots)
Stlth   +.........              (no amulet)
HPRegen 0.13/turn               (no ring)
MPRegen 0.09/turn               (no ring)

@: confused
A: (nimble swimmer 2), mertail
a: no special abilities


You were on level 4 of the Dungeon.
You visited 1 branch of the dungeon, and saw 4 of its levels.

You collected 121 gold pieces.

Inventory:

Hand Weapons
 a - a +1 trident (weapon)
Missiles
 d - 3 throwing nets (quivered)
Armour
 b - a +0 leather armour (worn)
 c - a +0 helmet (worn)
 k - a +1 pair of gloves (worn)
Scrolls
 e - 3 scrolls of brand weapon {unknown}
 g - a scroll of teleportation
 n - 2 scrolls of enchant armour
Potions
 f - 2 potions of brilliance {unknown}
 h - a potion of flight {unknown}
 i - a potion of curing {unknown}
 j - a potion of haste {unknown}
 l - a potion of attraction {unknown}


   Skills:
 + Level 3.4 Fighting
 + Level 5.6 Polearms
 - Level 2.0 Throwing
 + Level 1.5 Armour
 + Level 5.1 Dodging


You had 4 spell levels left.
You didn't know any spells.
Your spell library was empty.

Dungeon Overview and Level Annotations

Branches:
Dungeon (4/15)
 Temple: D:4-7

Altars:
Cheibriados


Innate Abilities, Weirdness & Mutations

((You are quick and stealthy near water. (Stealth+, EV+, Speed+++)))
Your lower body shifts to a powerful aquatic tail in water.


Message History

You bump into the rock wall.
You hear some strange, mumbled words.
You are more confused.
You completely miss something. Something hits you but does no damage.
The orc priest invokes the aid of Beogh against you.
Beogh smites you!
You bump into the rock wall.
You bump into the rock wall.
Something hits you but does no damage. The orc priest closely misses you.
Unknown command.
You miss the orc priest. Something hits you but does no damage.
The orc priest barely misses you.
You hit the orc priest.
The orc priest is moderately wounded.
You hear some strange, mumbled words.
A puff of flame appears from out of thin air!
The puff of flame hits you. The orc priest hits you with a +0 club.
You bump into the rock wall.
Something hits you but does no damage. The orc priest misses you.
Unknown command.
You barely miss the orc priest.
The orc priest is moderately wounded.
Something hits you but does no damage. The orc priest completely misses you.
You closely miss the orc priest.
The orc priest is moderately wounded.
You hear some strange, mumbled words.
You are more confused.
The orc priest calls down the wrath of Beogh upon you.
Pain shoots through your body!
* * * LOW HITPOINT WARNING * * *
You hit the orc priest.
The orc priest is severely wounded.
Something hits you.
* * * LOW HITPOINT WARNING * * *
The orc priest hits you with a +0 club.
* * * LOW HITPOINT WARNING * * *
Unknown command.
You bump into the rock wall.
Something hits you but does no damage. The orc priest hits you with a +0 club.
You die...

### #########.########## #
##.##.#..#..........## #
###...#................#
###.#....†..............##
.##.....................#
##....>.............#..###
................{#####...##
................@o#o......#
.........)......##oo.....##
.................##........$#
..................##...?.....#
......##......#. ####.......
....### ##...### #.......
..### .... ....#.#. .## ...
....###.# ##


You could see an orc priest, an orc wizard and an orc.

Vanquished Creatures
  An orc priest (D:3)
  An iguana (D:3)
  3 gnolls (D:3)
  A worm (D:3)
  7 orcs (D:3)
  3 endoplasms
  3 giant cockroaches
  2 goblins
  8 hobgoblins
  5 ball pythons
  2 bats
  5 frilled lizards
  6 kobolds
  5 rats
52 creatures vanquished.

Notes
Turn   | Place    | Note
-------+----------+-------------------------------------------
     0 | D:1      | Demosthentine the Merfolk Gladiator began the quest for the
                  | Orb.
     0 | D:1      | Reached XP level 1. HP: 16/16 MP: 1/1
   262 | D:1      | Found a faded altar of an unknown god.
   509 | D:1      | Reached XP level 2. HP: 23/23 MP: 2/2
   560 | D:1      | You fall into a shaft and drop 1 floor!
  1206 | D:2      | Found a snail-covered altar of Cheibriados.
  1650 | D:3      | Reached XP level 3. HP: 28/28 MP: 3/3
  1680 | D:3      | Reached skill level 5 in Polearms
  1680 | D:3      | Reached skill level 1 in Armour
  1687 | D:3      | Reached XP level 4. HP: 27/35 MP: 4/4
  2059 | D:3      | Reached skill level 5 in Dodging
  2066 | D:3      | Reached XP level 5. HP: 30/41 MP: 5/5
  2826 | D:4      | HP: 1/41 [orc priest (3)]
  2827 | D:4      | Slain by an orc priest

Illustrated notes

Levels and vault maps discovered:
D:1:      tarquinn_simple_flora_water_a, layout_basic, basic_ecumenical_altar
D:2:      layout_loops_ring, basic_altar
D:3:      layout_loops_ring
D:4:      layout_cave_pools

Skill      XL: |  1  2  3  4 |
---------------+-------------+-----
Polearms       | 5 |  5.6
Armour         | 1 |  1.5
Fighting       | 3 |  3.4
Dodging        | 5 |  5.1
Throwing       | |  2.0

Action                   |  1- 3 |  4- 6 || total
-------------------------+-------+-------++-------
Melee: Trident           |    70 |    73 ||   143
  Use: Scroll            |     4 |     2 ||     6
       Potion            |     1 |     1 ||     2
 Stab: Sleeping          |     3 |     2 ||     5
Armor: Leather armour    |    12 |    15 ||    27
Dodge: Dodged            |    31 |    28 ||    59

Table legend: (Time is in decaauts)
 A = Elapsed time spent in this place.
 B = Non-inter-level travel time spent in this place.
 C = Inter-level travel time spent in this place.
 D = Time resting spent in this place.
 E = Time spent auto-exploring this place.
 F = Levels seen in this place.
 G = Mean time per level.
                   A        B        C        D        E       F      G
               +--------+--------+--------+--------+--------+-----+--------+
         Total |   2834 |   2745 |     89 |     19 |   2324 |   4 |  708.5 |
       Dungeon |   2834 |   2745 |     89 |     19 |   2324 |   4 |  708.5 |
               +--------+--------+--------+--------+--------+-----+--------+

Top non-repeatable levels by time:
     D:3: 1039 daAuts
     D:1: 985 daAuts
     D:2: 662 daAuts
     D:4: 147 daAuts
